 Dungeon Crawl Stone Soup version 0.31-a0-1589-g8f5e8aebd6 (webtiles) character file.

Game seed: 17709504272804763313

194 runemasterragnar the Trooper (level 5, -6/46 HPs)
             Began as a Human Monk on Jan 5, 2024.
             Was a Believer of Wu Jian.
             Mangled by an ogre
             ... wielding a +0 giant club
              (25 damage)
             ... on level 4 of the Dungeon.
             The game lasted 00:03:00 (2839 turns).

runemasterragnar the Trooper (Human Monk)           Turns: 2839, Time: 00:03:01

Health: -6/46      AC:  8    Str: 13    XL:     5   Next: 73%
Magic:  5/5        EV: 10    Int: 10    God:    Wu Jian [**....]
Gold:   159        SH:  0    Dex: 16    Spells: 4/4 levels left

rFire   . . .        b - +1 trident (holy)
rCold   . . .        c - orb {light}
rNeg    . . .        k - +0 scale mail
rPois   .            g - +0 helmet
rElec   .            h - +0 cloak
rCorr   .            (no gloves)
SInv    .            (no boots)
Will    .....        (no amulet) Stlth
                     (no ring)
HPRegen 0.27/turn    (no ring)
MPRegen 0.09/turn

%: no passive effects
@: glowing
A: explore regen
a: Renounce Religion, Wall Jump


You were on level 4 of the Dungeon.
You worshipped Wu Jian.
Wu Jian was pleased with you.
You visited 1 branch of the dungeon, and saw 4 of its levels.

You collected 159 gold pieces.

Inventory:

Hand Weapons
 b - a +1 trident of holy wrath (weapon)
Armour
 a - a +0 robe
 c - an orb of light (worn)
 e - a +0 animal skin
 g - a +0 helmet (worn)
 h - a +0 cloak (worn)
 k - a +0 scale mail (worn)
Scrolls
 d - 3 scrolls of identify {unknown}
 f - 4 scrolls of vulnerability {unknown}
 j - a scroll of teleportation {unknown}
 l - a scroll of amnesia {unknown}
 m - a scroll of blinking {unknown}
Potions
 i - a potion of invisibility {unknown}
 n - a potion of attraction {unknown}
 o - a potion of haste


   Skills:
 + Level 5.9 Fighting
 * Level 1.1 Polearms
 + Level 0.6 Armour
 - Level 3.0 Dodging
 - Level 3.0 Unarmed Combat


You had 4 spell levels left.
You didn't know any spells.
Your spell library contained the following spells:

 Spells                   Type           Power      Damage    Failure   Level
 Sting                    Conj/Alch      0%         1d3       88%         1
 Call Imp                 Summ           0%         N/A       95%         2
 Mercury Vapours          Alch/Air       0%         N/A       95%         2
 Sublimation of Blood     Necr           0%         N/A       95%         2
 Dazzling Flash           Conj/Hex       0%         N/A       99%         3
 Volatile Blastmotes      Fire/Tloc      0%         2d10      99%         3
 Olgreb's Toxic Radiance  Alch           0%         N/A       100%        4
 Starburst                Conj/Fire      0%         6d3       100%        6
 Summon Hydra             Summ           0%         N/A       100%        7
 Maxwell's Capacitive Co  Air            0%         ∞         100%        8


Dungeon Overview and Level Annotations

Branches:
Dungeon (4/15)
 Temple: D:4-7

Altars:
Uskayaw
Wu Jian

Annotations:
D:3 3 runed translucent doors, innerfire43's ghost, amateur DsMo


Innate Abilities, Weirdness & Mutations

You regain HP and MP as you explore.


Message History

You kill the adder!
The Council accepts your kill. The kobold hits you but does no damage.
You hit the kobold.
You kill the kobold!
The Council accepts your kill.
HP restored.
You see here an adder corpse.
d - 3 scrolls labelled JOQOCYIGRA (gained 1)
An ogre comes into view. It is wielding a +0 giant club.
The ogre shouts!
An ogre is nearby!
You reach to attack!
You hit the ogre.
The ogre is lightly wounded.
An ogre is nearby!
You hit the ogre but do no damage.
The ogre is lightly wounded.
The ogre hits you with a +0 giant club!
An ogre is nearby!
You hit the ogre.
The ogre is lightly wounded.
The ogre closely misses you.
You hit the ogre but do no damage.
The ogre is lightly wounded.
The ogre hits you with a +0 giant club!
You are too injured to fight recklessly!
You hit the ogre.
The ogre is moderately wounded.
You puncture the ogre!
The ogre is severely wounded.
The ogre barely misses you.
You hit the ogre.
The ogre is severely wounded.
The ogre closely misses you.
Unknown command.
You completely miss the ogre.
The ogre is severely wounded.
The ogre hits you with a +0 giant club!!
Ouch! That really hurt!
You die...

.#.......(.........
...................
...................
......).†..........
...................
..................
.#............###
##...........#
#..........@#
.............O.....#
..........$.....####
...............#
..#........#.....
##......##.###..
######## .# ... ..
..


You could see an ogre.

Vanquished Creatures
  Natasha (twice) (D:2)
  Robin (D:2)
  5 adders
  A ribbon worm (D:2)
  3 dart slugs
  3 endoplasms
  2 giant cockroaches
  13 goblins
  11 hobgoblins
  7 jackals (D:1)
  4 kobolds
  3 quokkas
  8 ball pythons
  5 bats
  6 frilled lizards
  A rat (D:3)
75 creatures vanquished.

Notes
Turn   | Place    | Note
-------+----------+-------------------------------------------
     0 | D:1      | runemasterragnar the Human Monk began the quest for the
                  | Orb.
     0 | D:1      | Reached XP level 1. HP: 18/18 MP: 1/1
   104 | D:1      | Reached XP level 2. HP: 24/24 MP: 2/2
   382 | D:1      | Reached skill level 4 in Fighting
   391 | D:1      | Reached XP level 3. HP: 29/30 MP: 3/3
  1373 | D:2      | Reached XP level 4. HP: 38/38 MP: 4/4
  1375 | D:2      | Noticed Robin
  1420 | D:2      | Killed Robin
  1421 | D:2      | Reached skill level 5 in Fighting
  1597 | D:2      | Noticed Natasha
  1602 | D:2      | Killed Natasha
  1706 | D:2      | Noticed Natasha
  1712 | D:2      | Killed Natasha
  1713 | D:2      | Reached XP level 5. HP: 38/46 MP: 5/5
  1890 | D:2      | Found an ornate altar of the Wu Jian Council.
  1992 | D:2      | Became a worshipper of the Wu Jian Council
  1992 | D:2      | Reached * piety under Wu Jian
  1992 | D:2      | Reached ** piety under Wu Jian
  2165 | D:3      | Found a runed translucent gate.
  2165 | D:3      | Found a runed translucent gate.
  2166 | D:3      | Found a runed translucent gate.
  2168 | D:3      | Noticed innerfire43's ghost (amateur DsMo)
  2610 | D:3      | Found a hide-covered altar of Uskayaw.
  2809 | D:4      | Reached skill level 1 in Polearms
  2829 | D:4      | Noticed an ogre
  2839 | D:4      | Mangled by an ogre

Illustrated notes

Levels and vault maps discovered:
D:1:      saegor_arrival_miasma, layout_loops_ring
D:2:      layout_basic, basic_altar, minmay_curled_crystal, uniq_robin,
          uniq_natasha
D:3:      layout_loops_cross, overflow_temple_1_default,
          gammafunk_ghost_necromancy, hangedman_decor_push
D:4:      layout_rooms, general_overflow_altar

Skill      XL: |  1  2  3  4  5 |
---------------+----------------+-----
Fighting       | 4 5 |  5.9
Polearms       | 1 |  1.1
Armour         | |  0.6
Dodging        | |  3.0
Unarmed Combat | |  3.0

Action                     |  1- 3 |  4- 6 || total
---------------------------+-------+-------++-------
  Melee: Unarmed           |   112 |    34 ||   146
         Trident           |       |    84 ||    84
    Use: Potion            |       |     6 ||     6
 Armour: Robe              |    41 |    46 ||    87
         Scale mail        |       |    35 ||    35
  Dodge: Dodged            |    69 |    90 ||   159

Table legend: (Time is in decaauts)
 A = Elapsed time spent in this place.
 B = Non-inter-level travel time spent in this place.
 C = Inter-level travel time spent in this place.
 D = Time resting spent in this place.
 E = Time spent auto-exploring this place.
 F = Levels seen in this place.
 G = Mean time per level.
                   A        B        C        D        E       F      G
               +--------+--------+--------+--------+--------+-----+--------+
         Total |   2833 |   2603 |    230 |    249 |   1891 |   4 |  708.2 |
       Dungeon |   2833 |   2603 |    230 |    249 |   1891 |   4 |  708.2 |
               +--------+--------+--------+--------+--------+-----+--------+

Top non-repeatable levels by time:
     D:2: 1189 daAuts
     D:1: 939 daAuts
     D:3: 664 daAuts
     D:4: 39 daAuts
